Cogmind - Beta 17 @@@ ROGUE MODE // 2026.06.28 @ 15:53:59 Player: APerTAS Result: Core destroyed Performance ------------- Evolutions (2) 1000 Regions Visited (4) 800 Robots Destroyed (113) 565 Value Destroyed (3337) 3337 Prototype IDs (10) 200 Alien Tech Used (0) 0 Bonus (5596) 5596 TOTAL SCORE: 11498 Bonus ------- High Alert Combat Kills 451 Follower Combat Kills 50 Prayed to X0-1V1 5000 Major X0-1V1 Interference 650 Friendly Fire -555 Cogmind --------- Core Integrity 0/500 Matter 4/300 Energy 100/100 System Corruption 0% Temperature Cool (0) Movement Core (50) Location -8/Storage Parts ------- > --- POWER (1) -------- (None) > --- PROPULSION (3) --- (None) > --- UTILITY (4) ------ (None) > --- WEAPON (3) ------- (None) > --- INVENTORY (5) ---- Improved Deuterium Engine Particle Charger Flak Cannon Gauss Cannon Proton Missile Launcher Peak State ------------ > --- POWER ------------ Improved Deuterium Engine > --- PROPULSION ------- Aluminum Leg Wheel Wheel > --- UTILITY ---------- Improved Heat Sink Huge Storage Unit Targeting Computer X0-1V1's Piety Tracker > --- WEAPON ----------- Gauss Cannon Gauss Cannon Gauss Cannon > --- INVENTORY -------- Light Nuclear Core Heat Sink Improved Heat Sink Large Storage Unit High-capacity Battery Structural Scanner Structural Scanner Advanced Targeting Computer Particle Charger Power Shielding Hacking Suite High-powered Tractor Beam Particle Gun Particle Gun Heavy Assault Rifle High-powered Shotgun Assault Cannon Assault Cannon Flak Cannon Flak Cannon Flak Cannon Gauss Cannon Proton Missile Launcher Proton Missile Launcher Heavy Flail [Rating: 43] Favorites ----------- Power Light Ion Engine Engine Light Ion Engine Power Core Light Nuclear Core Propulsion Wheel Leg Aluminum Leg Wheel Wheel Hover Unit Aerolev Unit Utility X0-1V1's Piety Tracker Device X0-1V1's Piety Tracker Storage Huge Storage Unit Processor Targeting Computer Protection Hardened Light Armor Plating Weapon Light Cannon Energy Gun Particle Gun Ballistic Gun Improved Assault Rifle Ballistic Cannon Light Cannon Launcher Missile Launcher Impact Weapon Heavy Flail Build | -11 -10 -9 -8 -8 ------- Run | Yrd Mat Mat Mat Sto Slots Evolved 4 | . . 2 2 . Power . | . . . . . Propulsion 1 | . . . 1 . Utility 2 | . . 1 1 . Weapon 1 | . . 1 . . Parts Attached 71 | . 17 24 30 . Power 9 | . 3 3 3 . Engine 8 | . 3 3 2 . Core 1 | . . . 1 . Reactor . | . . . . . Propulsion 18 | . 4 6 8 . Treads . | . . . . . Leg 1 | . . . 1 . Wheel 16 | . 4 6 6 . Hover 1 | . . . 1 . Flight . | . . . . . Utility 19 | . 5 6 8 . Device 11 | . 2 5 4 . Storage 3 | . 2 . 1 . Processor 2 | . 1 . 1 . Hackware . | . . . . . Protection 3 | . . 1 2 . Artifact . | . . . . . Weapon 25 | . 5 9 11 . Energy Gun 1 | . . . 1 . Energy Cannon . | . . . . . Ballistic Gun 8 | . 1 4 3 . Ballistic Cannon 12 | . 4 2 6 . Launcher 1 | . . . 1 . Special Weapon . | . . . . . Impact Weapon 3 | . . 3 . . Slashing Weapon . | . . . . . Piercing Weapon . | . . . . . Special Melee Weapon . | . . . . . Unidentified Prototypes 6 | . . 4 2 . Parts Lost 31 | . 1 5 17 8 Power 5 | . . . 3 2 Propulsion 8 | . . 1 6 1 Utility 10 | . . 3 4 3 Weapon 8 | . 1 1 4 2 Highest Loss Streak 7 | . 1 2 7 6 To Critical Strikes . | . . . . . Average Backups 14 | . 8 14 14 25 Power 1 | . 1 2 1 3 Propulsion 2 | . 3 5 . . Utility 5 | . 2 5 6 9 Weapon 4 | . 1 1 5 13 Tool/Special . | . . . . . Unused Backups 27 | . 2 9 2 14 Power 4 | . . 1 1 2 Propulsion 5 | . 1 4 . . Utility 7 | . . . 1 6 Weapon 11 | . 1 4 . 6 Tool/Special . | . . . . . Average Slot Usage (%) 91 | . 90 97 88 92 Engine 8 | . 12 11 3 5 Core 1 | . . . 3 . Leg 1 | . . . 1 9 Wheel 20 | . 25 21 18 13 Device 16 | . 14 20 16 17 Storage 10 | . 11 11 9 9 Processor 3 | . . . 7 9 Ballistic Gun 5 | . 1 15 4 . Ballistic Cannon 17 | . 23 6 15 22 Impact Weapon 4 | . . 10 5 4 Peak Build Rating 43 | . 9 32 43 43 Average Rating 23 | . 6 25 30 40 On Entrance 16 | . . 9 32 43 Avg Prop Armor Cover (%) 5 | . . . 5 5 Naked Turns 48 | . 47 . . 1 Heaviest Build 113 | . 30 45 113 113 Greatest Support 32 | 3 26 22 32 20 Greatest Overweight (x) 10 | . 1 3 9 10 Average Overweight (x) 2 | . . 1 4 6 Largest Inventory Capacity 25 | 5 15 15 25 25 Average Capacity 17 | 5 10 15 24 24 Most Carried 25 | . 14 15 25 25 Average Carried 14 | . 8 14 14 24 Final Capacity 25 | 5 15 15 25 5 Final Carried 25 | . 14 15 25 5 Class Distribution -------------------- 75% | Mutant 14% | Gunner 5% | Scavenger-Mutant 3% | Scavenger-Gunner Dominant Class ---------------- Mutant | -10/Materials Mutant | -9/Materials Mutant | -8/Materials Mutant | -8/Storage Resources | -11 -10 -9 -8 -8 ----------- Run | Yrd Mat Mat Mat Sto Matter Collected 2790 | . 953 671 955 211 Remotely 1019 | . 616 403 . . Salvage Created 3131 | . 743 1073 912 403 Parts 183 | . 49 60 51 23 Haulers Intercepted 2 | . . 1 . 1 Recyclers Shooed 1 | . . 1 . . Parts Field Recycled . | . . . . . Retrieved Matter . | . . . . . Parts Self-Destructed . | . . . . . Prevented . | . . . . . Parts Restored . | . . . . . Kills | -11 -10 -9 -8 -8 ------- Run | Yrd Mat Mat Mat Sto Combat Hostiles Destroyed 84 | . 19 26 33 6 Guns 23 | . 1 18 4 . Cannons 57 | . 18 6 27 6 AOE 2 | . . . 2 . Classes Destroyed 13 | . 8 3 2 . Worker 9 | . 4 3 1 1 Builder 8 | . 2 2 3 1 Tunneler 1 | . 1 . . . Hauler 2 | . . 1 . 1 Recycler 3 | . 2 . . 1 Operator 3 | . 1 1 1 . Watcher 2 | . 1 1 . . Swarmer 18 | . 3 7 8 . Grunt 48 | . 16 16 15 1 Brawler 1 | . . . 1 . Sentry 15 | . . 3 7 5 Hunter 1 | . . . 1 . Heavy 2 | . . 1 1 . Best Kill Streak 12 | . 8 6 12 4 Combat Bots Only 9 | . 4 5 9 2 Max Kills in Single Turn 2 | . 1 1 2 1 Gunslinging . | . . . . . Exploded 2 | . . . 2 . Melee . | . . . . . Uniques/NPCs Destroyed . | . . . . . Combat | -11 -10 -9 -8 -8 -------- Run | Yrd Mat Mat Mat Sto Hostile Shots Fired 458 | . 80 115 223 40 Missed 143 | . 27 25 71 20 Hits 315 | . 53 90 152 20 Melee 2 | . . . 2 . Projectile 313 | . 53 90 150 20 Critical Strikes 9 | . . 1 8 . Actively Blocked 1 | . . . 1 . Damage Taken 4454 | . 639 1197 2274 344 Core 1059 | . 211 294 528 26 Absorbed by Shields . | . . . . . Redirected to Shielding 27 | . . . 27 . Ignored by Resistances 50 | . . . 50 . Core Remaining (%) 47 | 100 15 26 . . Volleys Fired 253 | . 80 67 81 25 Largest 3 | . 2 2 3 3 Hottest 139 | . 60 74 139 120 Shots Fired 521 | . 152 135 178 56 Gun 188 | . 16 115 57 . Cannon 330 | . 136 20 118 56 Launcher 3 | . . . 3 . Special . | . . . . . Kinetic 514 | . 152 135 171 56 Thermal 4 | . . . 4 . Explosive 3 | . . . 3 . Electromagnetic . | . . . . . Robot Hit Streak 16 | . 10 16 7 9 Robot Miss Streak 11 | . 4 4 11 3 Penetration Max . | . . . . . Secondary Targets 3 | . . 3 . . Max Gunslinging Chain 1 | . . 1 . . Shots Hit Robots 368 | . 86 120 132 30 Core Hits 206 | . 35 42 118 11 Critical Kills 1 | . . . 1 . Critical Parts Destroyed 3 | . . 3 . . Critical Strikes 17 | . 4 3 4 6 Destroy 1 | . . . 1 . Blast 13 | . 4 . 3 6 Smash 3 | . . 3 . . Melee Attacks 25 | . . 24 1 . Impact 25 | . . 24 1 . Slashing . | . . . . . Piercing . | . . . . . Sneak Attacks 16 | . . 16 . . Combat Hostiles . | . . . . . Follow-up Attacks . | . . . . . Damage Inflicted 7710 | . 1424 2555 2917 814 Guns 1818 | . 95 1276 447 . Cannons 4266 | . 1313 246 1905 802 Explosions 677 | . . 180 497 . Melee 921 | . . 853 68 . Ramming 28 | . 16 . . 12 Kinetic 6053 | . 1408 1522 2321 802 Thermal 211 | . . 180 31 . Explosive 497 | . . . 497 . Electromagnetic . | . . . . . Impact 921 | . . 853 68 . Slashing . | . . . . . Piercing . | . . . . . Highest Corruption 2 | . . 2 . . Average Corruption 2 | . . 2 . . Corruption Purged . | . . . . . Corruption Blocked . | . . . . . Effects 8 | . . 8 . . Message Errors 1 | . . 1 . . Matter Fused 2 | . . 2 . . Energy Discharges 1 | . . 1 . . Data Loss (minor) 1 | . . 1 . . Data Loss (major) 1 | . . 1 . . Misfires 1 | . . 1 . . Alerts 1 | . . 1 . . Overload Shots . | . . . . . Overflow Damage 342 | . . 241 89 12 Projectiles 28 | . . . 16 12 Explosions 146 | . . 73 73 . Melee 168 | . . 168 . . Knockbacks 49 | . 16 3 26 4 Impact 2 | . 1 1 . . Kinetic 44 | . 15 2 23 4 Secondary 3 | . . . 3 . Self-Inflicted Damage 194 | . 8 113 61 12 Shots 2 | . . 1 1 . Rammed 2 | . 2 . . . Targets Rammed 2 | . 2 . . . Kicked . | . . . . . Crushed . | . . . . . Highest Temperature 227 | . 132 227 84 27 Average Temperature 40 | . 53 38 21 10 Received Heat Transfer 1602 | . 330 408 720 144 Siege Activations . | . . . . . Martial Activations . | . . . . . Shielding Activations . | . . . . . Robots Disrupted . | . . . . . Combat Hostiles . | . . . . . Robots Corrupted 6 | . . 6 . . Combat Hostiles 2 | . . 2 . . Parts Fried 8 | . . 8 . . Impact Corruptions 8 | . . 8 . . Robots Melted . | . . . . . Combat Hostiles . | . . . . . Parts Melted . | . . . . . Heat Transferred 174 | . . 100 74 . Parts Sabotaged . | . . . . . Parts Stolen . | . . . . . Parts Stripped . | . . . . . Power Chain Reactions . | . . . . . Alert | -11 -10 -9 -8 -8 ------- Run | Yrd Mat Mat Mat Sto Maximum Alert Level 3 | . 1 2 3 1 Low Security (%) 16 | 100 35 19 . . Level 1 50 | . 64 31 23 100 Level 2 21 | . . 49 36 . Level 3 11 | . . . 40 . Level 4 . | . . . . . Level 5 . | . . . . . High Security . | . . . . . Max Security . | . . . . . Peak Influence 922 | . 364 672 922 390 Initial 373 | . . 101 280 373 Average 390 | . 217 403 600 359 Influence Increases 3069 | . 659 955 1174 281 Destroy 0b10 Robot/C 1720 | . 380 560 660 120 Destroy 0b10 Robot/NC 140 | . 55 40 25 20 Destroy Leader 408 | . 92 124 140 52 Allied During Kill 3 | . . 3 . . Successful Hack 39 | . 5 . 14 20 Select Force Hacks 180 | . 50 80 50 . Disable Machine 150 | . 45 45 45 15 Destroy Structure 114 | . 2 28 45 39 Lose Combat Pursuer 315 | . 30 75 195 15 Influence Decreases 2749 | . 419 531 952 847 Entered New Map 1036 | . . 139 384 513 Time Decay 1403 | . 409 342 398 254 Lost Part 310 | . 10 50 170 80 Squads Dispatched 18 | . 6 6 6 . Investigation 13 | . 5 6 2 . Extermination . | . . . . . Reinforcement 5 | . 1 . 4 . Assault . | . . . . . Garrison . | . . . . . Intercept . | . . . . . Searches Triggered . | . . . . . Construction Impeded 1 | . . . 1 . Haulers Reinforced . | . . . . . Active Scanning Responses . | . . . . . Cargo Convoy Interrupts . | . . . . . Stealth | -11 -10 -9 -8 -8 --------- Run | Yrd Mat Mat Mat Sto Distress Signals 13 | . 3 1 7 2 Communications Jammed . | . . . . . Distress Signals . | . . . . . Times Spotted 130 | . 28 36 50 16 Peak Tracking Total 10 | . 6 7 10 10 Tactical Retreats 16 | . 2 2 11 1 Traps | -11 -10 -9 -8 -8 ------- Run | Yrd Mat Mat Mat Sto Traps Triggered 5 | . 1 2 1 1 Indirectly . | . . . . . Trap Hack Attempts . | . . . . . Triggered . | . . . . . Disarmed . | . . . . . Reprogrammed . | . . . . . Reused . | . . . . . Traps Extracted . | . . . . . Installed . | . . . . . Triggered . | . . . . . Machines | -11 -10 -9 -8 -8 ---------- Run | Yrd Mat Mat Mat Sto Machines Disabled 12 | . 5 3 3 1 Max in Single Turn 1 | . 1 1 1 1 Garrison Access 1 | . . . . 1 Machines Repaired . | . . . . . Machines Dismantled . | . . . . . Machines Sabotaged 3 | . 1 1 1 . Overloaded Fab Kills . | . . . . . Hacking | -11 -10 -9 -8 -8 --------- Run | Yrd Mat Mat Mat Sto Machines Accessed 15 | . 5 4 2 4 Terminals 12 | . 4 3 2 3 Fabricators . | . . . . . Repair Stations . | . . . . . Recycling Units 1 | . 1 . . . Scanalyzers 1 | . . 1 . . Garrison Access 1 | . . . . 1 Total Hacks 46 | . 14 12 6 14 Successful 24 | . 4 8 5 7 Failed 21 | . 10 3 1 7 Catastrophic 2 | . . . . 2 Database Lockouts 1 | . . 1 . . Manual 28 | . 14 6 4 4 Terminals 34 | . 10 5 6 13 Fabricators . | . . . . . Repair Stations . | . . . . . Recycling Units 4 | . 4 . . . Scanalyzers 7 | . . 7 . . Garrison Access 1 | . . . . 1 Terminal Hacks 8 | . 1 . 2 5 Prototype ID Bank 2 | . . . 1 1 Open Door 2 | . . . . 2 Locate Traps 1 | . 1 . . . Security Status 1 | . . . . 1 Zone Layout 2 | . . . 1 1 Fabricator Hacks . | . . . . . Repair Station Hacks . | . . . . . Recycling Unit Hacks . | . . . . . Scanalyzer 4 | . . 4 . . Retrieve Study 4 | . . 4 . . Garrison Access Hacks 1 | . . . . 1 Seal Access 1 | . . . . 1 Unauthorized Hacks 11 | . 3 4 3 1 Terminals 10 | . 3 3 3 1 Track 1 | . . . 1 . Botnet 3 | . 1 . 1 1 Sabotage 5 | . 2 2 1 . Search 1 | . . 1 . . Fabricators . | . . . . . Repair Stations . | . . . . . Recycling Units . | . . . . . Scanalyzers 1 | . . 1 . . Extract 1 | . . 1 . . Garrison Access . | . . . . . Data Cores Recovered 1 | . . 1 . . Used 1 | . . 1 . . Hacking Detections 10 | . 5 2 1 2 Full Trace Events 3 | . 3 . . . Feedback Events . | . . . . . Feedback Blocked . | . . . . . Robot Schematics Acquired . | . . . . . Robots Built . | . . . . . Authchips . | . . . . . Time . | . . . . . Total Robot Build Rating . | . . . . . Part Schematics Acquired 2 | . . 2 . . Parts Built . | . . . . . Authchips . | . . . . . Time . | . . . . . Total Part Build Rating . | . . . . . Part Studies Acquired 4 | . . 4 . . Parts Repaired . | . . . . . Time . | . . . . . Parts Recycled . | . . . . . Recycled Matter . | . . . . . Retrieved Matter . | . . . . . Retrieved Components . | . . . . . Parts Scanalyzed . | . . . . . Part Schematics Acquired . | . . . . . Parts Damaged . | . . . . . Bothacking | -11 -10 -9 -8 -8 ------------ Run | Yrd Mat Mat Mat Sto Used RIF Installer . | . . . . . Robots Hacked . | . . . . . Non-combat . | . . . . . Combat . | . . . . . Robot Hacks Applied . | . . . . . Relay Couplers Released . | . . . . . Fabnet Peak Effective % . | . . . . . Robots Rewired . | . . . . . Allies Hacked . | . . . . . Hacks Repelled . | . . . . . Allies | -11 -10 -9 -8 -8 -------- Run | Yrd Mat Mat Mat Sto Total Allies 1 | . . 1 . . Largest Group 1 | . . 1 . . Highest-Rated Group 90 | . . 90 . . Highest-Rated Ally 90 | . . 90 . . Total Orders . | . . . . . Ally Attacks 12 | . . 12 . . Total Damage 492 | . . 492 . . Kills 2 | . . 2 . . Allies Corrupted 1 | . . 1 . . Allies Melted . | . . . . . X0-1V1 Amusement Gains 108 | . 3 30 15 60 Good Acts 10 | . . 3 4 3 Bad Acts 13 | . . 3 8 2 Intel | -11 -10 -9 -8 -8 ------- Run | Yrd Mat Mat Mat Sto Active Infowar (turns) 997 | . 358 221 418 . Structural 997 | . 358 221 418 . Robot Analysis Total . | . . . . . Derelict Logs Recovered . | . . . . . Drone Launches . | . . . . . Drone Recoveries . | . . . . . Exploration | -11 -10 -9 -8 -8 ------------- Run | Yrd Mat Mat Mat Sto Turns Passed 3338 | 10 1074 762 944 548 Spaces Moved 1923 | 20 738 455 436 274 Core 108 | 20 88 . . . Treads . | . . . . . Legs . | . . . . . Wheels 1815 | . 650 455 436 274 Hover . | . . . . . Flight . | . . . . . Fastest Speed 50 | 50 50 85 91 145 Average Speed 108 | 50 83 92 134 166 Slowest Speed 220 | 50 95 115 205 220 Overloaded Moves . | . . . . . Propulsion Burnouts . | . . . . . Robots Hopped . | . . . . . Potential Cave-ins . | . . . . . Cave-ins Triggered . | . . . . . Exploration Rate (%) 43 | 3 90 46 30 47 Regions Visited 4 Branch Regions 1 Pre-discovered Areas . | . . . . . Known Exits Taken . | . . . . . Unknown Exits Taken 4 | 1 1 1 1 . Scrap Searched . | . . . . . Spaces Dug 2 | . . . . 2 Terrain Destroyed 114 | . . 25 56 33 Melee . | . . . . . Projectile 36 | . . . 3 33 AOE 78 | . . 25 53 . Terrain Rammed 2 | . . . . 2 Walls Destroyed . | . . . . . Machines Disabled . | . . . . . Actions | -11 -10 -9 -8 -8 --------- Run | Yrd Mat Mat Mat Sto Total 2636 | 19 1043 639 623 312 Wait 257 | . 176 29 41 11 Move 1919 | 19 737 454 435 274 Hop . | . . . . . Pick Up 56 | . 17 18 21 . Fast Attach 22 | . 9 3 10 . Attach 19 | . 1 5 13 . Detach 4 | . 1 1 2 . Swap 40 | . 10 16 13 1 Drop 38 | . 10 22 6 . Fire 253 | . 80 67 81 25 Melee 25 | . . 24 1 . Ram 3 | . 2 . . 1 Kick . | . . . . . Crush . | . . . . . Escape Stasis . | . . . . . Rewire . | . . . . . Trap . | . . . . . Miscellaneous . | . . . . . Route ------- -11/Scrapyard -10/Materials (discovered 5 exits: *Mat x3 / [*Min] / [*Sub]) -9/Materials -8/Materials -8/Storage (discovered 1 exit: Rec) History --------- Turn | Location | Event 3 | -11/Scrapyard | Discovered new exit (range 15) 11 | -11/Scrapyard | Entered Materials 50 | -10/Materials | Discovered new exit (range 14) 367 | -10/Materials | Discovered new exit (range 10) 503 | -10/Materials | Core integrity fell below 50% 593 | -10/Materials | Discovered new exit (range 12) 861 | -10/Materials | Core integrity fell below 20% 885 | -10/Materials | Build established: Mutant 1047 | -10/Materials | Discovered new exit (range 7) 1059 | -10/Materials | Prayed at D.C.S.S. Altar Unit 1072 | -10/Materials | Discovered new exit (range 15) 1085 | -10/Materials | Entered another Materials area 1085 | -9/Materials | Evolved 2 slots: Utility x1, Weapon x1 1392 | -9/Materials | X0-1V1 sent allied H-61 Shepherd (x1) 1732 | -9/Materials | Core integrity fell below 50% 1790 | -9/Materials | Discovered new exit (range 11) 1822 | -9/Materials | Central database locked down 1847 | -9/Materials | Entered another Materials area 1847 | -8/Materials | Evolved 2 slots: Propulsion x1, Utility x1 1849 | -8/Materials | Discovered new exit (range 15) 2000 | -8/Materials | Lost 4 parts (1p1n1u1w) 2080 | -8/Materials | Core integrity fell below 50% 2116 | -8/Materials | Lost 7 parts (1p4n2w) 2119 | -8/Materials | Destroyed 9 combat bots 2563 | -8/Materials | Core integrity fell below 20% 2791 | -8/Materials | Entered Storage 2842 | -8/Storage | Ranged accuracy permanently improved by X0-1V1 (+5%; -50 max core) 3015 | -8/Storage | Build established: Gunner 3303 | -8/Storage | Identified exit to Recycling 3303 | -8/Storage | X0-1V1 revealed exit location to -8/Recycling 3338 | -8/Storage | Released all parts (8) 3339 | -8/Storage | Core destroyed Last Messages --------------- 03330_ X0-1V1 waits impatiently for you to get up close and personal with every target in the area (+14% melee accuracy). 03330_ U-05 Engineer builds a Wall. 03338_ Released Gauss Cannon. 03338_ Released X0-1V1's Piety Tracker. 03338_ Released Aluminum Leg. 03338_ Released Huge Storage Unit. 03338_ Hcp. Battery crushed and broken. 03338_ Particle Gun crushed and broken. 03338_ Proton Missile Launcher crushed and broken. 03338_ Power Shielding crushed and broken. 03338_ Imp. Deuterium Engine crushed and broken. 03338_ Released Targeting Computer. 03338_ Released Wheel+. 03338_ Wheel+ crushed and broken. 03338_ Released Hvy. Flail. 03338_ Hvy. Flail crushed and broken. 03338_ Slammed into Wall. 03339_ X0-1V1 bursts into laughter! Map ----- +----------------------------------------------------+ | ?????????????????????????????????????????????????? | | ?????????????????????????????????????????????????? | | ?????????????????????????????????????????????????? | | ?????????????????????????????????????????????????? | | ?????????????????????????????????????????????????? | | ?????????????????????????????????????????????????? | | ?????????????????????????????????????????????????? | | ?????????????????????????????????????????????????? | | ?????????????????????????????????????????????????? | | ?????????????????????????????????????????????????? | | ?????????????????????????????????????????????????? | | ?????????????????????????????????????????????????? | | ?????????????????????????????????????????????????? | | ?????????????????????????????????????????????????? | | ???????????????????????????????????####??????????? | | ???????????????????????????????????# ??????????? | | ???????????????????????????????????# "??????????? | | ???????????????????????????????????# "??????????? | | ???????????????????????????????????# ""?????????? | | ????????????????????????########???# "????????## | | ????????????????????????#[ #???# "?????##### | | ????????????????????????#!""" #???# """"" # % | | ????????????????????????#]""" #???# # [ | | ?????????????????#??????#]""" #########+#+### ! | | ???????????#"#####%##???#=!]]! # # * | | ?????????? %[]!#####@""*] # % + | | ?????????? % |]!%!* Y/]""" # # | | ???????????????###+#"####!""" # ######### # | | ?????????????? =!???#!![ / %#???##### # | | ?????????????""" """????#!""" # #???#"""# # | | ??????????????"? """????#[""" # ##??#"G"# ##### | | ???????????????" ""?????# """ # #####" "#+##??? | | ????????????????????????? ]# ## #??? | | ?????????????????????????####### ## #??? | | ????????????????????##########] [= # """" #??? | | ????????????????????# ]]% # """" #??? | | ????????????????????# * " """" ##?? | | ????????????????????# % # """" !##?? | | ????????????????????########### # ##?? | | ??????????????????????????????####### #??? | | ?????????????????????????????????##############??? | | ?????????????????????????????????# #???? | | ?????????????????????????????????# #???? | | ?????????????????????????????????# #???? | | ?????????????????????????????????# #???? | | ?????????????????????????????????# ##### | | ?????????????????????????????????# # | | ?????????????????????????????????# # """ | | +#########+#########+###################+#+### "T" | | =# | +----------------------------------------------------+ Best States ------------- Heat Dissipation 45 Energy Generation 16 Energy Capacity 290 Matter Stores 300 Matter Capacity 300 Sight Range 16 Terrain Scan Density 85 Armor Coverage 150 Resistance: TH 39 Power Shielding 33 Propulsion Shielding 33 Evasion (%) 50 Targeting Accuracy 5 Item Schematics ----------------- Hvy. Hammer | -9/Materials | Extracted Shotgun | -9/Materials | Extracted Robot Schematics ------------------ None Fabricated ------------ Nothing Repaired ---------- Nothing Studied --------- Lgt. Cannon | -9/Materials | Hacked Autogun | -9/Materials | Hacked Wheel | -9/Materials | Hacked Hammer | -9/Materials | Hacked Alien Tech Used ----------------- None Achievements -------------- None Challenges ------------ None Game ------ Seed ControlIonicBlaster Manual? 0 Play Time 00:35:57 Cumulative 68.6 hours Start 2026.06.28 @ 15:21:36 End 2026.06.28 @ 15:53:59 Sessions 1 Manual Loads 0 Difficulty Rogue Special Mode None Game No. 217 Rogue 217 Adventurer 0 Explorer 0 Win Type - Total 0 Types 0/0/0/0/0/0/0/0/0/0 Lore% 63 Gallery% 37 Achievement% 36 Wizard Run 0 Options --------- Layout 0 ASCII 0 Keyboard 1 Movement Arrows Keybinds 0 Fullscreen 1 Font 24/Terminus Map View 64x52 Zoom Use 0% Tactical HUD 1 Map Filters NONE Filters NONE Steam 1 RUN: 760f6117-8273-49f9-bb43-9c65bff4af04